 Dungeon Crawl Stone Soup version 0.23.2-1-ga50397a (webtiles) character file.

Game seed: 2842002019292394252

315 MalarOregon the Ruffian (level 6, -2/52 HPs)
             Began as a Ghoul Gladiator on June 3, 2019.
             Slain by an adder (3 damage)
             ... on level 4 of the Dungeon.
             The game lasted 00:04:12 (3244 turns).

MalarOregon the Ruffian (Ghoul Gladiator)           Turns: 3244, Time: 00:04:13

Health: -2/52      AC:  4    Str: 18    XL:     6   Next: 44%
Magic:  5/5        EV: 13    Int:  3    God:
Gold:   186        SH:  0    Dex: 12    Spells: 5/5 levels left

rFire    . . .     SeeInvis .     - Unarmed
rCold    + . .     Gourm    .   (no shield)
rNeg     + + +     Faith    .   a - +0 leather armour
rPois    ∞         Spirit   .   b - +0 helmet
rElec    .         Reflect  .   (no cloak)
rCorr    .         Harm     .   (no gloves)
MR       .....                  (no boots)
Stlth    +.........             (no amulet)
HPRegen  0.00/turn              (no ring)
MPRegen  0.09/turn              (no ring)

@: rotting
A: rotting body, claws 1, carnivore, cold resistance 1, negative energy
resistance 3, inhibited regeneration, torment resistance, unbreathing
a: no special abilities


You were on level 4 of the Dungeon.
You were not hungry.

You visited 1 branch of the dungeon, and saw 4 of its levels.
You also visited: Sewer.

You collected 186 gold pieces.

Inventory:

Missiles
 c - 3 throwing nets (quivered) {!f}
 p - 8 javelins
 t - 18 poisoned needles
Armour
 a - a +0 leather armour (worn)
 b - a +0 helmet (worn)
Jewellery
 i - an uncursed amulet of magic regeneration {unknown}
   (You found it on level 1 of the Dungeon)
Scrolls
 d - 5 scrolls of identify {unknown}
 j - 6 scrolls of teleportation {unknown}
 m - 3 scrolls of blinking {unknown}
 n - a scroll of noise {unknown}
 o - 2 scrolls of fog {unknown}
 u - 2 scrolls of magic mapping {unknown}
Potions
 f - a potion of haste {unknown}
 g - 2 potions of curing {unknown}
 h - a potion of berserk rage {unknown}
 k - 2 potions of agility {unknown}
 l - 2 potions of heal wounds {unknown}
 q - a potion of magic {unknown}
 r - 2 potions of degeneration {unknown}
 s - a potion of might {unknown}
Comestibles
 e - 6 rations {!d}


   Skills:
 + Level 4.0 Fighting
 + Level 3.3 Throwing
 + Level 3.9 Dodging
 + Level 4.8 Unarmed Combat


You had 5 spell levels left.
You didn't know any spells.
Your spell library was empty.

Dungeon Overview and Level Annotations

Branches:
Dungeon (4/15)
 Temple: D:4-7

Altars:
Dithmenos
Fedhas


Innate Abilities, Weirdness & Mutations

Your body is rotting away.
You thrive on raw meat.
You are immune to poison.
You have sharp fingernails.
You are carnivorous and can eat meat at any time.
Your flesh is cold resistant. (rC+)
You are immune to negative energy. (rN+++)
You do not regenerate when monsters are visible.
You are immune to unholy pain and torment.
You can survive without breathing.


Message History

A phantom is nearby!
The phantom blinks!
Found a golden potion.
You scratch the phantom. The phantom barely misses you.
You claw the phantom! The phantom hits you.
The phantom blinks!
The phantom closely misses you.
You closely miss the phantom. The phantom barely misses you.
You scratch the phantom. The phantom hits you.
You barely miss the phantom. The phantom closely misses you.
You claw the phantom! You barely miss the phantom.
The phantom barely misses you.
You scratch the phantom. The phantom hits you.
The phantom blinks!
The phantom misses you.
You miss the phantom. The phantom barely misses you.
You closely miss the phantom. The phantom hits you.
You barely miss the phantom. The phantom hits you!
You barely miss the phantom. The phantom misses you.
You scratch the phantom but do no damage.
The phantom blinks!
The phantom barely misses you.
You scratch the phantom. The phantom hits you.
* * * LOW HITPOINT WARNING * * *
Okay, then.
You scratch the phantom. The phantom closely misses you.
You scratch the phantom. The phantom hits you!
* * * LOW HITPOINT WARNING * * *
You scratch the phantom.
The phantom blinks!
The phantom blinks!
The phantom hits you.
* * * LOW HITPOINT WARNING * * *
You scratch the phantom but do no damage.
You claw the phantom!
You destroy the phantom!
Your Fighting skill increases to level 4!
e - 6 rations {!d} (gained 1)
You start resting.
An adder comes into view.
The adder hisses angrily.
You closely miss the adder. The adder bites you but does no damage.
The adder bites you.
* * * LOW HITPOINT WARNING * * *
You scratch the adder. The adder bites you.
* * * LOW HITPOINT WARNING * * *
You closely miss the adder. The adder barely misses you.
You miss the adder. The adder misses you.
You barely miss the adder. The adder bites you.
* * * LOW HITPOINT WARNING * * *
Okay, then.
You barely miss the adder. The adder barely misses you. The adder bites you.
You die...

#.#.......#.#.
#.#.#.....#.#.
#.#.#.....#.#.
#.#.#.....#.#
#.#.........# #.
#.#...#.....#
##.########.#.###..#..#.
...............>.....<..
#.?S@....#.######.###
#........#.# ....
.###........#.# ##..#
............#.# ....
###........#.#. #..##
#................
#.......##.#.####
#.......##.# ##.###### #


You could see an adder.

Vanquished Creatures
  A phantom (D:4)
  An orc priest (D:3)
  An orc wizard (D:3)
  A howler monkey skeleton (D:4)
  4 adders
  2 river rats (D:4)
  2 oozes
  2 worms (D:3)
  2 dart slugs (D:1)
  A leopard gecko (D:1)
  11 orcs (D:3)
  5 ball pythons
  7 bats
  6 giant cockroaches
  7 goblins
  5 hobgoblins
  8 jackals (Sewer)
  5 frilled lizards
  10 kobolds
  6 rats
87 creatures vanquished.

Notes
Turn   | Place    | Note
-------+----------+-------------------------------------------
     0 | D:1      | MalarOregon the Ghoul Gladiator began the quest for the
                  | Orb.
     0 | D:1      | Reached XP level 1. HP: 17/17 MP: 0/0
   191 | D:1      | Reached XP level 2. HP: 25/25 MP: 1/1
   809 | D:2      | Found a shadowy altar of Dithmenos.
   853 | D:2      | Found a faded altar of an unknown god.
   900 | D:2      | Reached XP level 3. HP: 25/30 MP: 2/2
  1508 | D:3      | Reached XP level 4. HP: 32/38 MP: 3/3
  1565 | D:3      | Found a blossoming altar of Fedhas.
  1763 | D:3      | Reached XP level 5. HP: 5/45 MP: 4/4
  1763 | D:3      | HP: 2/45 [orc/+0 trident (3)]
  2435 | D:4      | Found a glowing drain.
  2452 | Sewer    | Entered a sewer
  3193 | D:4      | Reached XP level 6. HP: 52/52 MP: 5/5
  3197 | D:4      | Noticed a phantom
  3228 | D:4      | Killed a phantom
  3243 | D:4      | HP: 1/52 [adder (2)]
  3244 | D:4      | Slain by an adder

Skill      XL: |  1  2  3  4  5  6 |
---------------+-------------------+-----
Throwing       | 2 3 |  3.3
Dodging        | 3 |  3.9
Fighting       | 3 4 |  4.0
Unarmed Combat | 4 |  4.8

Action                   |  1- 3 |  4- 6 || total
-------------------------+-------+-------++-------
Melee: Unarmed           |    89 |   230 ||   319
       Punch             |       |     5 ||     5
  Eat: Chunk             |     5 |    18 ||    23
Armor: Leather armour    |    18 |    53 ||    71
Dodge: Dodged            |    50 |   149 ||   199
